 Dungeon Crawl Stone Soup version 0.30-a0-718-geaa24f58ff (webtiles) character file.

Game seed: 7354199683615685202

1868 mopl the Martial Artist (level 9, -14/58 HPs)
             Began as a Djinni Transmuter on Jan 25, 2023.
             Was an Initiate of Okawaru.
             Killed from afar by Pikel (20 damage)
             ... with a bolt of light
             ... on level 6 of the Dungeon.
             The game lasted 00:09:46 (5276 turns).

mopl the Martial Artist (Djinni Transmuter)         Turns: 5276, Time: 00:09:47

Health: -14/58     AC:  2    Str: 13    XL:     9   Next: 35%
Gold:   110        EV: 20    Int: 16    God:    Okawaru [......] SH:  0 Dex: 18

rFire   . . .      SeeInvis .      - Unarmed
rCold   . . .      Faith    .    (shield currently unavailable)
rNeg    + . .      Spirit   .    (body armour currently unavailable)
rPois   ∞          Reflect  .    (helmet currently unavailable)
rElec   .          Harm     .    (cloak currently unavailable)
rCorr   .          Rampage  .    (gloves currently unavailable)
Will    .....                    (boots unavailable)
Stlth   ++                       c - amulet of the acrobat
HPRegen 0.29/turn                d - ring of wizardry
MPRegen 0.00/turn                B - ring of positive energy

@: spider-form (expiring), flying
A: venomous fangs, flying, sickness immunity, tiny, (fire resistance 2), (cold
vulnerability 1), float, innate caster, HP casting, extra vitality 1
a: End Transformation, Renounce Religion


You were on level 6 of the Dungeon.
You worshipped Okawaru.
Okawaru was noncommittal.
You were a venomous arachnid creature.
You visited 2 branches of the dungeon, and saw 7 of its levels.
You also visited: Sewer.

You collected 279 gold pieces.
You spent 169 gold pieces at shops.

Inventory:

Hand Weapons
 j - a +4 quarterstaff of chaos
 u - a +2 rapier of venom
Missiles
 f - 14 boomerangs
 i - 3 poisoned darts
 t - 6 curare-tipped darts
Armour
 a - a +0 robe (melded)
 k - a +2 cloak (melded)
 A - the +1 leather armour of the Maze {rCorr}
   (You found it on level 5 of the Dungeon)

   rCorr:     It protects you from acid and corrosion.
Magical Staves
 w - a staff of fire
Jewellery
 c - an amulet of the acrobat (around neck)
 d - a ring of wizardry (left front pincers)
 B - a ring of positive energy (right front pincers)
 D - a ring of fire
Wands
 v - a wand of mindburst (2)
 C - a wand of paralysis (7)
Scrolls
 e - 3 scrolls of enchant armour {unknown}
 g - 2 scrolls of blinking {unknown}
 h - 3 scrolls of teleportation {unknown}
 l - 4 scrolls of vulnerability {unknown}
 n - 4 scrolls of amnesia {unknown}
 o - 5 scrolls of identify {unknown}
 p - 2 scrolls of enchant weapon {unknown}
 y - a scroll of immolation {unknown}
 F - a scroll of fog {unknown}
Potions
 b - a potion of lignification {!q}
 m - 2 potions of mutation {unknown}
 q - a potion of ambrosia {unknown}
 r - 2 potions of degeneration {unknown}
 s - 6 potions of curing
 x - 3 potions of brilliance
 z - a potion of heal wounds {unknown}
 E - a potion of attraction {unknown}


   Skills:
 + Level 2.2 Fighting
 + Level 1.6 Throwing
 + Level 1.7 Armour
 + Level 3.2 Dodging
 * Level 9.0 Unarmed Combat
 + Level 4.7 Spellcasting
 + Level 0.8 Invocations
 + Level 1.8 Evocations


You couldn't memorise any spells.
You knew the following spells:

 Your Spells              Type           Power      Damage    Failure   Level
a - Beastly Appendage     Tmut           36%        N/A       3%          1
b - Spider Form           Tmut/Pois      18%        N/A       8%          3
c - Slow                  Hex            72%        N/A       3%          1
d - Ice Form              Ice/Tmut       18%        N/A       19%         4
e - Blink                 Tloc           36%        N/A       4%          2
f - Static Discharge      Conj/Air       36%        2-4/arc   4%          2
g - Summon Guardian Gole  Hex/Summ       18%        N/A       8%          3
w - Wereblood             Tmut           18%        N/A       4%          2
Your spell library was empty.

Dungeon Overview and Level Annotations

Branches:
Dungeon (6/15)             Temple (1/1) D:5           Sewer (visited)

Altars:
Ashenzari
Cheibriados
Dithmenos
Elyvilon
Fedhas
Gozag
Hepliaklqana
Makhleb
Nemelex Xobeh
Okawaru
Qazlal
Ru
Uskayaw
Wu Jian
Xom
The Shining One

Shops:
D:1 *   D:3 *

Annotations:
D:6 Pikel


Innate Abilities, Weirdness & Mutations

You are a venomous arachnid creature.
You have venomous fangs.
You are tiny and dextrous.
You are flying.
Your spellcasting is less reliable in this form.
Your armour is entirely melded.
You are incapable of wielding weapons or throwing items.
You are immune to sickness and miasma.
You are immune to poison.
((Your flesh is very heat resistant. (rF++)))
((You are vulnerable to cold. (rC-)))
You float through the air rather than walking.
You learn spells naturally, not from books.
Your magical power is your life essence.
You have superior vitality. (+4 MHP)


Message History

You hit Pikel.
Pikel is poisoned.
Pikel is lightly wounded.
You hit Pikel.
Pikel is moderately wounded.
Pikel hits you with a +1 whip of flaming!
Pikel burns you.
You hit Pikel.
Pikel looks as sick as possible!
Pikel is heavily wounded.
Pikel hits you with a +1 whip of flaming!
Pikel burns you.
You barely miss Pikel.
Pikel is heavily wounded.
Pikel cracks his whip.
Pikel hits you with a +1 whip of flaming!
Pikel burns you.
You are too injured to fight recklessly!
You are too injured to fight recklessly!
You hit Pikel.
Pikel looks as sick as possible!
Pikel is severely wounded.
You hit Pikel.
Pikel looks as sick as possible!
Pikel is severely wounded.
Pikel hits you with a +1 whip of flaming.
* * * LOW HITPOINT WARNING * * *
Pikel burns you.
* * * LOW HITPOINT WARNING * * *
You barely miss Pikel.
Pikel is severely wounded.
Pikel hits you with a +1 whip of flaming!
* * * LOW HITPOINT WARNING * * *
Pikel burns you.
* * * LOW HITPOINT WARNING * * *
Pikel zaps a wand.
The bolt of light misses you.
Pikel zaps a wand.
The bolt of light misses you.
Aiming: Mindburst
Press: ? - help, Shift-Dir - straight line, f - Pikel
Aim: Pikel, wielding a +1 whip of flaming, wearing a +2 robe and carrying a wand of light (11) (severely wounded, extremely poisoned, chance to affect: 72%) Pikel struggles to resist.
Your transformation is almost over.
Pikel zaps a wand.
The bolt of light hits you!!
You die...

### #.# ### ###.#
#>####s#.#
#..5.#.#.#
#.##.#.#.#####
#.##.K.......#
#.####.#..##.##
#.#
#.#..##..########
#..
#.#..###...##...#
#K#
#.#.........#)..#
#5#
#.#..##.###.#...##


You could see Pikel (extremely poisoned).

Vanquished Creatures
  Grinder (D:4)
  Sigmund (D:5)
  Eustachio (D:3)
  Menkaure (D:6)
  2 ogres
  A lemure (D:6)
  A necrophage (D:5)
  A bullfrog (Sewer)
  4 scorpions
  2 orc priests (D:3)
  Crazy Yiuf (D:2)
  2 hounds (D:5)
  A jelly (D:5)
  Ijyb (D:4)
  Terence (D:2)
  An orc wizard (D:4)
  Natasha (thrice) (D:4)
  2 iguanas
  4 gnolls (D:6)
  14 adders
  A shadow imp (D:5)
  2 white imps (D:5)
  2 ufetubi
  2 worms
  3 dart slugs
  11 orcs
  19 ball pythons
  4 bats
  11 endoplasms
  15 giant cockroaches
  7 goblins
  8 hobgoblins
  4 jackals (D:1)
  7 quokkas
  16 frilled lizards
  11 kobolds
  9 rats
177 creatures vanquished.

Vanquished Creatures (others)
  A fungus (D:2)
1 creature vanquished.

Grand Total: 178 creatures vanquished

Notes
Turn   | Place    | Note
-------+----------+-------------------------------------------
     0 | D:1      | mopl the Djinni Transmuter began the quest for the Orb.
     0 | D:1      | mopl set off with the following spells memorised: Beastly
                  | Appendage, Wereblood, Spider Form, Ice Form.
     0 | D:1      | Reached XP level 1. HP: 17/17 MP: 0/0
   219 | D:1      | Reached XP level 2. HP: 14/22 MP: 0/0
   429 | D:1      | Reached XP level 3. HP: 26/27 MP: 0/0
   429 | D:1      | Learned a level 1 spell: Slow
   443 | D:1      | Reached skill level 2 in Spellcasting
   628 | D:1      | Found Hiffa's General Store.
   887 | D:2      | Reached skill level 4 in Unarmed Combat
   916 | D:2      | Reached XP level 4. HP: 26/32 MP: 0/0
  1099 | D:2      | Found a runed translucent door.
  1100 | D:2      | Noticed Crazy Yiuf
  1170 | D:2      | Noticed Terence
  1191 | D:2      | Killed Terence
  1258 | D:2      | Reached XP level 5. HP: 26/37 MP: 0/0
  1258 | D:2      | Learned a level 2 spell: Blink
  1344 | D:2      | Found a blossoming altar of Fedhas.
  1539 | D:2      | Killed Crazy Yiuf
  1540 | D:2      | Reached skill level 5 in Unarmed Combat
  1861 | D:3      | Found Ceedott's Assorted Antiques.
  1868 | D:3      | Bought a scroll labelled AFAH IGACOPT for 19 gold pieces
  1868 | D:3      | Bought a scroll labelled AFAH IGACOPT for 19 gold pieces
  1868 | D:3      | Bought a scroll labelled CEC CYASECETH for 19 gold pieces
  2062 | D:3      | Reached XP level 6. HP: 36/42 MP: 0/0
  2247 | D:3      | Found a faded altar of an unknown god.
  2483 | D:3      | Reached skill level 3 in Spellcasting
  2567 | D:4      | Found an opulent altar of Gozag.
  2594 | D:4      | Noticed an ogre
  2595 | D:4      | Noticed Natasha
  2612 | D:3      | Killed an ogre
  2613 | D:3      | Reached skill level 6 in Unarmed Combat
  2635 | D:4      | Found a broken altar of Ashenzari.
  2816 | D:4      | Killed Natasha
  2817 | D:4      | Reached XP level 7. HP: 45/47 MP: 0/0
  2817 | D:4      | Learned a level 2 spell: Static Discharge
  2929 | D:4      | Noticed Natasha
  2934 | D:4      | Killed Natasha
  2962 | D:4      | Noticed Ijyb
  2968 | D:4      | Killed Ijyb
  2979 | D:4      | Noticed Eustachio
  2984 | D:3      | Found a hazy altar of Hepliaklqana.
  2984 | D:3      | Found a hide-covered altar of Uskayaw.
  3115 | D:3      | Killed Eustachio
  3116 | D:3      | Reached skill level 7 in Unarmed Combat
  3272 | D:4      | Found a sacrificial altar of Ru.
  3333 | D:4      | Noticed Grinder
  3344 | D:4      | Paralysed by Grinder for 3 turns
  3351 | D:4      | Killed Grinder
  3352 | D:4      | Reached skill level 4 in Spellcasting
  3352 | D:4      | Reached XP level 8. HP: 12/52 MP: 0/0
  3669 | D:4      | Noticed Natasha
  3793 | D:4      | Killed Natasha
  3950 | D:3      | Bought a sedimented orange potion for 17 gold pieces
  3950 | D:3      | Bought a scroll labelled SUXKAO COVVOT for 19 gold pieces
  3950 | D:3      | Bought a scroll labelled ODWAXU DEVA for 19 gold pieces
  3950 | D:3      | Bought a potion of curing for 57 gold pieces
  4027 | D:5      | Entered Level 5 of the Dungeon
  4030 | D:5      | Noticed Sigmund
  4038 | D:5      | Killed Sigmund
  4039 | D:5      | Reached skill level 8 in Unarmed Combat
  4167 | D:5      | Identified the +1 leather armour of the Maze {rCorr}
  4192 | D:5      | Found a glowing drain.
  4214 | D:5      | Reached skill level 1 in Armour
  4214 | D:5      | Reached skill level 1 in Evocations
  4218 | D:5      | Reached XP level 9. HP: 55/57 MP: 0/0
  4218 | D:5      | Learned a level 3 spell: Summon Guardian Golem
  4228 | Sewer    | Entered a sewer
  4279 | Sewer    | Reached skill level 1 in Throwing
  4596 | D:5      | Found a staircase to the Ecumenical Temple.
  4607 | Temple   | Entered the Ecumenical Temple
  4613 | Temple   | Became a worshipper of Warmaster Okawaru
  4775 | D:5      | Reached skill level 3 in Dodging
  4894 | D:6      | Noticed Menkaure
  4900 | D:6      | Reached skill level 2 in Fighting
  4902 | D:6      | Killed Menkaure
  4903 | D:6      | Reached skill level 9 in Unarmed Combat
  5253 | D:6      | Noticed Pikel
  5276 | D:6      | Killed from afar by Pikel

Illustrated notes

Levels and vault maps discovered:
D:1:      dpeg_arrival_three_smaller_balls, layout_basic, serial_shops, shop
D:2:      layout_loops_ring, basic_altar, bh_walls_and_bars, uniq_terence,
          uniq_crazy_yiuf_cottage
D:3:      layout_loops_ring, nicolae_overflow_hidden_temple, serial_shops,
          nicolae_shop_advertising_works [nicolae_subvault_shop_adworks],
          nicolae_ecumenical_oubliette, chequers_serial_rivers_room_b,
          supply_closet_lemuel
D:4:      layout_basic, mainiacjoe_overflow_paths, lemuel_doored_altar,
          mainiacjoe_overflow_alcove_2, nicolae_ru_path_of_blood,
          minmay_misc_feat_diagonals, uniq_grinder, uniq_eustachio, uniq_ijyb,
          uniq_natasha
D:5:      layout_cave_pools, mainiacjoe_overflow_tiny_flanked,
          minmay_temple_entry_hall, gup_sewer_entry_glass, uniq_sigmund
D:6:      layout_basic, uniq_duvessa, uniq_pikel, uniq_menkaure
Temple:   nicolae_temple_no_exploring_needed

Skill      XL: |  1  2  3  4  5  6  7  8  9 |
---------------+----------------------------+-----
Spellcasting   | 2 3 4 |  4.7
Unarmed Combat | 4 5 6 7 8 9 |  9.0
Armour         | 1 |  1.7
Evocations     | 1 |  1.8
Throwing       | 1 |  1.6
Dodging        | 3 |  3.2
Fighting       | 2 |  2.2
Invocations    | |  0.8

Action                     |  1- 3 |  4- 6 |  7- 9 || total
---------------------------+-------+-------+-------++-------
  Melee: Unarmed           |   111 |   167 |   309 ||   587
         Headbutt          |     9 |     2 |       ||    11
         Punch             |     3 |     4 |     4 ||    11
  Throw: Dart              |       |       |     2 ||     2
   Cast: Beastly Appendage |    12 |     8 |       ||    20
         Spider Form       |       |     7 |    12 ||    19
         Ice Form          |       |       |     5 ||     5
  Evoke: Wand              |       |       |     4 ||     4
   Stab: Sleeping          |     1 |       |       ||     1
 Armour: Robe              |    18 |    21 |    37 ||    76
         Skin              |       |     2 |    18 ||    20
  Dodge: Dodged            |    68 |   133 |   224 ||   425

Table legend: (Time is in decaauts)
 A = Elapsed time spent in this place.
 B = Non-inter-level travel time spent in this place.
 C = Inter-level travel time spent in this place.
 D = Time resting spent in this place.
 E = Time spent auto-exploring this place.
 F = Levels seen in this place.
 G = Mean time per level.
                   A        B        C        D        E       F      G
               +--------+--------+--------+--------+--------+-----+--------+
         Total |   5208 |   4920 |    288 |    662 |   2851 |   8 |  651.0 |
       Dungeon |   4907 |   4626 |    281 |    662 |   2784 |   6 |  817.8 |
        Temple |     12 |      6 |      6 |      0 |      0 |   1 |   12.0 |
         Sewer |    288 |    288 |      0 |      0 |     67 |   1 |  288.0 |
               +--------+--------+--------+--------+--------+-----+--------+

Top non-repeatable levels by time:
     D:3: 1416 daAuts
     D:4: 1012 daAuts
     D:2: 867 daAuts
     D:1: 701 daAuts
     D:5: 534 daAuts
     D:6: 375 daAuts
   Sewer: 288 daAuts
  Temple: 12 daAuts
